 Dungeon Crawl Stone Soup version 0.28.0-43-g3370ac3207 (webtiles) character file.

Game seed: 4756783197739839409

2028 Pemander the Cutter (level 9, -4/61 (74) HPs)
             Began as a Gnoll Wanderer on Mar 18, 2022.
             Was an Initiate of Hepliaklqana.
             Slain by Prince Ribbit (12 damage)
             ... on level 5 of the Dungeon on Mar 21, 2022.
             The game lasted 00:14:32 (7737 turns).

Pemander the Cutter (Gnoll Wanderer)                Turns: 7737, Time: 00:14:33

HP:   -4/61 (74)    AC:  7    Str: 12    XL:     9   Next: 23%
MP:   16/16         EV: 12    Int: 19    God:    Hepliaklqana [......]
Gold: 85            SH:  5    Dex: 14    Spells: 15/18 levels left

rFire   . . .      SeeInvis .   a - +3 short sword
rCold   . . .      Faith    .   b - +0 buckler
rNeg    . . .      Spirit   .   c - +0 leather armour
rPois   .          Reflect  .   (no helmet)
rElec   .          Harm     .   g - +2 cloak
rCorr   .          Rampage  .   (no gloves)
Will    .....                   (no boots)
Stlth   ++........              (no amulet)
HPRegen 0.20/turn               m - +6 ring of intelligence
MPRegen 0.15/turn               (no ring)

@: heavily drained
A: fangs 1, strong nose, distributed training
a: Renounce Religion


You were on level 5 of the Dungeon.
You worshipped Hepliaklqana.
Hepliaklqana was noncommittal.
You visited 1 branch of the dungeon, and saw 7 of its levels.

You collected 254 gold pieces.
You spent 169 gold pieces at shops.

Inventory:

Hand Weapons
 a - a +3 short sword (weapon)
 j - the +0 hunting sling "Uklav" {flame, Fragile rF++ rC++}
   (You bought it in a shop on level 4 of the Dungeon)

   Any ammunition fired from it burns those it strikes, dealing additional fire
   damage.
   rF:        It greatly protects you from fire.
   rC:        It greatly protects you from cold.
   Fragile:   It will be destroyed if unequipped.
Armour
 b - a +0 buckler (worn)
 c - a +0 leather armour (worn)
 g - a +2 cloak (worn)
Jewellery
 m - a +6 ring of intelligence (left hand)
Wands
 p - a wand of flame (19)
Scrolls
 f - 3 scrolls of identify
 i - 2 scrolls of amnesia
 k - a scroll of fog
 l - a scroll of magic mapping
 n - a scroll of teleportation {unknown}
 o - a scroll of blinking {unknown}
Potions
 d - 2 potions of flight
 e - 2 potions of cancellation
 h - a potion of magic {unknown}
 q - a potion of degeneration {unknown}


   Skills:
 + Level 7.8 Fighting
 + Level 7.8 Short Blades
 + Level 4.0 Long Blades
 + Level 4.0 Axes
 + Level 4.0 Maces & Flails
 + Level 4.0 Polearms
 + Level 4.0 Staves
 + Level 4.0 Slings
 + Level 4.0 Bows
 + Level 4.0 Crossbows
 + Level 4.0 Throwing
 + Level 6.2 Armour
 + Level 4.0 Dodging
 + Level 4.0 Stealth
 + Level 4.8 Shields
 + Level 4.0 Unarmed Combat
 + Level 5.0 Spellcasting
 + Level 3.3 Conjurations
 + Level 3.3 Hexes
 + Level 3.3 Summonings
 + Level 3.3 Necromancy
 + Level 3.3 Translocations
 + Level 3.3 Transmutations
 + Level 3.3 Fire Magic
 + Level 3.3 Ice Magic
 + Level 3.3 Air Magic
 + Level 3.3 Earth Magic
 + Level 3.3 Poison Magic
 + Level 4.4 Invocations
 + Level 4.0 Evocations


You had 15 spell levels left.
You knew the following spells:

 Your Spells              Type           Power      Damage    Failure   Level
a - Call Canine Familiar  Summ           17%        N/A       16%         3

Your spell library contained the following spells:

 Spells                   Type           Power      Damage    Failure   Level
 Apportation              Tloc           34%        N/A       5%          1
 Conjure Flame            Conj/Fire      17%        6-21      16%         3
 Frozen Ramparts          Ice            34%        1d5       16%         3
 Ignite Poison            Fire/Tmut/Pois 17%        N/A       16%         3
 Portal Projectile        Hex/Tloc       34%        N/A       16%         3
 Ice Form                 Ice/Tmut       17%        N/A       45%         4
 Leda's Liquefaction      Hex/Erth       8%         N/A       45%         4
 Sticky Flame             Conj/Fire      17%        2d4       45%         4
 Summon Ice Beast         Ice/Summ       17%        N/A       45%         4
 Alistair's Intoxication  Tmut/Pois      11%        N/A       82%         5


Dungeon Overview and Level Annotations

Branches:
Dungeon (7/15)
 Temple: D:4-7

Altars:
Hepliaklqana
Kikubaaqudgha
Okawaru
Ru
Trog

Shops:
D:1 (*(!   D:3 :   D:4 (

Annotations:
D:5 Edmund, Menkaure, Prince Ribbit
D:7 Joseph


Innate Abilities, Weirdness & Mutations

You have very sharp teeth.
Your uncanny sense of smell can sniff out nearby items.
Your experience applies equally to all skills.


Message History

Prince Ribbit blinks!
You hit Edmund but do no damage. Your bite misses Edmund.
Edmund is severely wounded.
You hit Edmund but do no damage.
Edmund is severely wounded.
Your hound barely misses Edmund.
Edmund hits you with a +2 flail of draining.
* * * LOW HITPOINT WARNING * * *
You feel drained.
* * * LOW HITPOINT WARNING * * *
Your hound bites Edmund.
You barely miss Edmund.
Edmund is almost dead.
Edmund closely misses you.
Your hound barely misses Edmund.
You completely miss Edmund. You bite Edmund.
Edmund is almost dead.
Edmund hits you but does no damage.
You feel drained.
Your hound bites Edmund but does no damage.
You closely miss Edmund.
Edmund is almost dead.
Prince Ribbit hits your hound!
Your hound completely misses Prince Ribbit.
You hit Edmund but do no damage.
Edmund is almost dead.
Prince Ribbit closely misses your hound.
Edmund hits you with a +2 flail of draining!
* * * LOW HITPOINT WARNING * * *
You feel drained.
* * * LOW HITPOINT WARNING * * *
Your hound misses Prince Ribbit. Prince Ribbit hits your hound!
Your hound dies!
Your hound's corpse disappears in a puff of smoke!
Edmund says, "I might not be good at magic, but I can still kill you!"
Prince Ribbit asks, "Just a little smooch?"
Prince Ribbit catches a baby bat with his tongue.
Prince Ribbit blinks! x2
You block Prince Ribbit's attack. Prince Ribbit hits you!
You die...

# ####.##.#####.#
##..........#
##...#.#######
####......#
..........#
###...ยง...##
.......)@#
###...###F#########
##..# #.@.......#
#..###.###>###.#
#..[.......# #.#
#.##..####.###.#
...##..# #....^#
#.#####...# #######
#.# #.#.# #.# #.#>#
### #.# #.#.#


You could see Edmund and Prince Ribbit.

Vanquished Creatures
  A hornet (D:7)
  A sky beast (D:3)
  An ogre (D:4)
  A black bear (D:5)
  A centaur (D:4)
  A lemure (D:6)
  A bullfrog (D:6)
  3 scorpions
  A water moccasin skeleton (D:4)
  A bullfrog zombie (D:6)
  2 hounds (D:5)
  A centaur skeleton (D:5)
  A centaur zombie (D:3)
  A gnoll shaman (D:3)
  2 orc priests (D:5)
  Ijyb (D:5)
  An orc wizard (D:4)
  2 hound skeletons
  3 gnolls (D:3)
  5 adders
  A white imp (D:4)
  An ufetubus (D:4)
  An adder skeleton (D:4)
  2 worms
  2 dart slugs
  13 orcs
  5 ball pythons
  5 endoplasms
  3 giant cockroaches
  9 hobgoblins
  4 jackals (D:1)
  9 kobolds
  2 quokkas
  9 bats
  3 frilled lizards
  9 goblins
  8 rats
117 creatures vanquished.

Vanquished Creatures (collateral kills)
  Pikel (D:5)
  An ogre (D:4)
  A necrophage (D:4)
  A bullfrog (D:4)
  An orc (D:5)
5 creatures vanquished.

Grand Total: 122 creatures vanquished

Notes
Turn   | Place    | Note
-------+----------+-------------------------------------------
     0 | D:1      | Pemander the Gnoll Wanderer began the quest for the Orb.
     0 | D:1      | Pemander set off with the following items: a +3 short
                  | sword, a +0 buckler, a +0 leather armour
     0 | D:1      | Reached XP level 1. HP: 23/23 MP: 4/4
    87 | D:1      | Found a faded altar of an unknown god.
   127 | D:1      | Found Ysagun's General Store.
   137 | D:1      | Reached XP level 2. HP: 29/29 MP: 5/5
   548 | D:1      | Found Viczud's Distillery.
   596 | D:1      | Reached XP level 3. HP: 35/35 MP: 7/7
   698 | D:1      | Found Odabysar's Weapon Shop.
   718 | D:1      | Found Jesinuliry's Antique Weapon Boutique.
  1129 | D:2      | Reached skill level 1 in Invocations
  1235 | D:2      | Noticed a scorpion
  1246 | D:2      | Killed a scorpion
  1247 | D:2      | Reached skill level 1 in Long Blades
  1247 | D:2      | Reached skill level 1 in Axes
  1247 | D:2      | Reached skill level 1 in Maces & Flails
  1247 | D:2      | Reached skill level 1 in Polearms
  1247 | D:2      | Reached skill level 1 in Staves
  1247 | D:2      | Reached skill level 1 in Slings
  1247 | D:2      | Reached skill level 1 in Bows
  1247 | D:2      | Reached skill level 1 in Crossbows
  1247 | D:2      | Reached skill level 1 in Throwing
  1247 | D:2      | Reached skill level 1 in Dodging
  1247 | D:2      | Reached skill level 1 in Stealth
  1247 | D:2      | Reached skill level 1 in Unarmed Combat
  1247 | D:2      | Reached skill level 1 in Conjurations
  1247 | D:2      | Reached skill level 1 in Hexes
  1247 | D:2      | Reached skill level 1 in Summonings
  1247 | D:2      | Reached skill level 1 in Necromancy
  1247 | D:2      | Reached skill level 1 in Translocations
  1247 | D:2      | Reached skill level 1 in Transmutations
  1247 | D:2      | Reached skill level 1 in Fire Magic
  1247 | D:2      | Reached skill level 1 in Ice Magic
  1247 | D:2      | Reached skill level 1 in Air Magic
  1247 | D:2      | Reached skill level 1 in Earth Magic
  1247 | D:2      | Reached skill level 1 in Poison Magic
  1247 | D:2      | Reached skill level 1 in Evocations
  1247 | D:2      | Reached XP level 4. HP: 21/41 MP: 8/8
  1656 | D:2      | Reached XP level 5. HP: 47/47 MP: 9/9
  1697 | D:2      | Found an ancient bone altar of Kikubaaqudgha.
  2150 | D:3      | You fall into a shaft and drop 1 floor!
  2305 | D:3      | Found Noules's Book Shop.
  3017 | D:4      | Noticed a necrophage
  3170 | D:3      | Reached XP level 6. HP: 49/53 MP: 9/11
  3343 | D:4      | Reached skill level 5 in Armour
  3819 | D:5      | Entered Level 5 of the Dungeon
  4212 | D:5      | Noticed a sky beast
  4325 | D:5      | Noticed a black bear
  4326 | D:5      | Found a bloodstained altar of Trog.
  4336 | D:5      | Killed a black bear
  4337 | D:5      | Reached XP level 7. HP: 45/60 MP: 12/12
  4582 | D:5      | Found a sacrificial altar of Ru.
  4583 | D:5      | Found an ancient bone altar of Kikubaaqudgha.
  4584 | D:5      | Found a hazy altar of Hepliaklqana.
  4593 | D:5      | Became a worshipper of Hepliaklqana the Forgotten
  4600 | D:5      | Noticed Prince Ribbit
  4854 | D:6      | Noticed Pikel
  5240 | D:4      | Learned a level 3 spell: Call Canine Familiar
  5255 | D:4      | Found Ylamapel's Antique Weapon Boutique.
  5272 | D:4      | Bought a shimmering hunting sling for 169 gold pieces
  5272 | D:4      | Identified the +0 hunting sling "Uklav" {flame, Fragile
                  | rF++ rC++} (You bought it in a shop on level 4 of the
                  | Dungeon)
  5322 | D:4      | Reached XP level 8. HP: 19/67 MP: 4/14
  5629 | D:4      | Found an iron altar of Okawaru.
  6305 | D:5      | Killed Pikel
  6306 | D:5      | Reached XP level 9. HP: 27/73 MP: 6/16
  6653 | D:5      | Noticed Menkaure
  6692 | D:6      | HP: 3/73 [shadow imp/nerve-wracking pain (8)]
  6695 | D:6      | HP: 1/73 [shadow imp/nerve-wracking pain (3)]
  7045 | D:7      | Noticed a hornet
  7056 | D:7      | Paralysed by a hornet for 3 turns
  7062 | D:7      | Killed a hornet
  7063 | D:7      | Reached skill level 5 in Spellcasting
  7412 | D:7      | Noticed Joseph
  7706 | D:5      | Noticed Ijyb
  7709 | D:5      | Noticed Edmund
  7710 | D:5      | Killed Ijyb
  7737 | D:5      | Slain by Prince Ribbit

Illustrated notes

Levels and vault maps discovered:
D:1:      dpeg_arrival_ternary, layout_basic, serial_shops,
          nicolae_shop_behind_doors, shop, shop, shop,
          nicolae_ecumenical_snake_handling, roderic_lattice_a
D:2:      layout_loops_ring, basic_altar, minmay_distorted
D:3:      layout_loops_cross, serial_shops, shop, columned_hall_lemuel
D:4:      layout_cave_pools, lemuel_coloured_pillars_altar, serial_shops, shop
D:5:      layout_loops_ring, kennysheep_mini, grunt_temple_overflow_open,
          uniq_prince_ribbit1, uniq_edmund, uniq_ijyb, uniq_menkaure
D:6:      layout_basic, corexii_leaking_fountain, kennysheep_crisscross,
          uniq_pikel
D:7:      layout_cave_pools, minmay_temple_entry_purple_smoke, uniq_joseph

Skill      XL: |  1  2  3  4  5  6  7  8  9 |
---------------+----------------------------+-----
Invocations    | 1 2 3 4 |  4.4
Long Blades    | 1 2 3 4 |  4.0
Axes           | 1 2 3 4 |  4.0
Maces & Flails | 1 2 3 4 |  4.0
Polearms       | 1 2 3 4 |  4.0
Staves         | 1 2 3 4 |  4.0
Slings         | 1 2 3 4 |  4.0
Bows           | 1 2 3 4 |  4.0
Crossbows      | 1 2 3 4 |  4.0
Throwing       | 1 2 3 4 |  4.0
Dodging        | 1 2 3 4 |  4.0
Stealth        | 1 2 3 4 |  4.0
Unarmed Combat | 1 2 3 4 |  4.0
Spellcasting   | 3 4 5 |  5.0
Conjurations   | 1 2 3 |  3.3
Hexes          | 1 2 3 |  3.3
Summonings     | 1 2 3 |  3.3
Necromancy     | 1 2 3 |  3.3
Translocations | 1 2 3 |  3.3
Transmutations | 1 2 3 |  3.3
Fire Magic     | 1 2 3 |  3.3
Ice Magic      | 1 2 3 |  3.3
Air Magic      | 1 2 3 |  3.3
Earth Magic    | 1 2 3 |  3.3
Poison Magic   | 1 2 3 |  3.3
Evocations     | 1 2 3 4 |  4.0
Shields        | 3 4 |  4.8
Armour         | 5 6 |  6.2
Fighting       | 7 |  7.8
Short Blades   | 7 |  7.8

Action                   |  1- 3 |  4- 6 |  7- 9 || total
-------------------------+-------+-------+-------++-------
Melee: Short sword       |    89 |   235 |   208 ||   532
       Bite              |    11 |    23 |    29 ||    63
 Cast: Call Canine Famil |       |       |    15 ||    15
  Use: Potion            |       |     3 |     2 ||     5
       Scroll            |       |     2 |     3 ||     5
 Stab: Sleeping          |     2 |     3 |     2 ||     7
       Distracted        |       |     1 |     1 ||     2
       Invisible         |       |     3 |       ||     3
Armor: Leather armour    |    23 |    72 |    69 ||   164
Dodge: Dodged            |    32 |   117 |   105 ||   254
Block: Buckler           |    19 |    43 |    64 ||   126
